 Dungeon Crawl Stone Soup version 0.26.1-10-gdfb7c7de75 (webtiles) character file.

Game seed: 9059533832858114789

1429414 belegose the Unforgettable (level 27, 224/224 HPs)
             Began as a Gnoll Artificer on Mar 29, 2021.
             Was the Champion of Hepliaklqana.
             Escaped with the Orb
             ... and 3 runes on Apr 1, 2021!
             The game lasted 10:47:00 (126132 turns).

belegose the Unforgettable (Gnoll Artificer)      Turns: 126132, Time: 10:47:00

Health: 224/224    AC: 36    Str: 34    XL:     27
Magic:  46/46      EV: 31    Int: 25    God:    Hepliaklqana [******]
Gold:   2713       SH: 33    Dex: 20    Spells: 2/65 levels left

rFire    + + +     SeeInvis +   a - +9 demon trident (vorpal)
rCold    + + +     Faith    .   K - +8 tower shield
rNeg     . . .     Spirit   .   Q - +7 swamp dragon scales
rPois    +         Reflect  .   A - +2 helmet {Int+3}
rElec    +         Harm     .   r - +2 cloak {Will+}
rCorr    .         Rampage  .   h - +2 pair of gloves {Dex+3}
Will     +++..                  m - +2 pair of boots
Stlth    +++.......             M - amulet "Woiqausi" {rElec rF+ Regen+ Str+4}
HPRegen  0.87/turn              c - ring "Tim Puk" {*Corrode rF+ rC+++ Str+8 SInv}
MPRegen  0.30/turn              I - ring of Impatience {rF+ EV+4 Str+4 Slay+3}

@: no status effects
A: distributed training, reduced essence, fangs 1, camouflage 1, robust 1,
screaming 1, wild magic 1, strong nose
0: Orb of Zot
}: 3/15 runes: decaying, serpentine, silver
a: Renounce Religion, Recall Ancestor, Ancestor Identity, Transference, Idealise


You escaped.
You worshipped Hepliaklqana.
Hepliaklqana was exalted by your worship.
You visited 12 branches of the dungeon, and saw 54 of its levels.
You visited the Abyss 1 time.
You also visited: Trove, Ossuary, Gauntlet and Wizlab.

You collected 9002 gold pieces.
You spent 6289 gold pieces at shops.

Inventory:

Hand Weapons
 a - a +9 vorpal demon trident (weapon)
 b - the +8 quick blade of the Priest {flame, rElec Int+3}
   (You took it off a deep elf blademaster on level 1 of the Elven Halls)

   It has been specially enchanted to burn those struck by it, causing extra
   injury to most foes and up to half again as much damage against particularly
   susceptible opponents.
   It affects your intelligence (+3).
   It insulates you from electricity.
Missiles
 j - 20 javelins
 u - 3 throwing nets
 v - 17 boomerangs (quivered)
 P - 20 silver javelins
Armour
 h - a +2 pair of gloves of dexterity (worn)
 l - the +18 shield of the Gong {rElec rN+ Will+ EV-5}
   (You took it off Asterion on level 1 of the Depths)

   It affects your evasion (-5).
   It insulates you from electricity.
   It protects you from negative energy.
   It affects your willpower, your defense against some magical effects.
 m - a +2 pair of boots (worn)
 r - a +2 cloak of willpower (worn)
 x - the +0 pair of gloves of the Albatross {-Tele Harm +Inv rCorr}
   (You bought it in a shop on level 12 of the Dungeon)

   It lets you turn invisible.
   It prevents most forms of teleportation.
   It provides partial protection from all sources of acid and corrosion.
   It increases damage dealt and taken.
 A - a +2 helmet of intelligence (worn)
 K - a +8 tower shield (worn)
 Q - +7 swamp dragon scales (worn)
Jewellery
 c - the ring "Tim Puk" (left hand) {*Corrode rF+ rC+++ Str+8 SInv}
   (You acquired it on level 3 of the Elven Halls)

   [ring of protection from fire]

   It affects your strength (+8).
   It protects you from fire.
   It renders you almost immune to cold.
   It lets you see invisible.
   It may corrode you when you take damage.
 f - the ring "Hosowic" {rN+ Str-5 Int+5 Dex+4 SInv}
   (You found it on level 2 of the Vaults)

   [ring of see invisible]

   It affects your strength (-5).
   It affects your intelligence (+5).
   It affects your dexterity (+4).
   It protects you from negative energy.
   It lets you see invisible.
 I - the ring of Impatience (right hand) {rF+ EV+4 Str+4 Slay+3}
   (You acquired it on level 10 of the Dungeon)

   [ring of evasion]

   It affects your evasion (+4).
   It affects your strength (+4).
   It affects your accuracy and damage with ranged weapons and melee attacks
   (+3).
   It protects you from fire.
 M - the amulet "Woiqausi" (around neck) {rElec rF+ Regen+ Str+4}
   (You took it off a deep elf high priest on level 3 of the Depths)

   [amulet of regeneration]

   It affects your strength (+4).
   It protects you from fire.
   It insulates you from electricity.
   It increases your rate of regeneration.
Wands
 d - a wand of enslavement (37)
 g - a wand of iceblast (50)
 t - a wand of digging (45)
 S - a wand of paralysis (10)
 T - a wand of acid (15)
 X - a wand of disintegration (15)
Scrolls
 k - 19 scrolls of identify
 p - 28 scrolls of remove curse
 w - 8 scrolls of fog
 y - 29 scrolls of teleportation
 z - 2 scrolls of fear
 F - 2 scrolls of summoning
 H - 3 scrolls of silence
 R - 4 scrolls of blinking
Potions
 e - 3 potions of mutation
 n - 18 potions of curing
 o - 10 potions of magic
 q - 8 potions of heal wounds
 B - 7 potions of might
 C - 7 potions of haste
 E - 2 potions of cancellation
 G - 6 potions of flight
 O - 2 potions of ambrosia
 Y - a potion of invisibility
Miscellaneous
 s - a tin of tremorstones (2/2)
 J - a box of beasts
 U - a condenser vane
 V - a phantom mirror
 W - a phial of floods
 Z - a lightning rod (4/4)


   Skills:
 + Level 19.8 Fighting
 + Level 19.7 Short Blades
 + Level 19.7 Long Blades
 + Level 19.7 Axes
 + Level 19.7 Maces & Flails
 + Level 19.7 Polearms
 + Level 19.7 Staves
 + Level 19.7 Slings
 + Level 19.7 Bows
 + Level 19.7 Crossbows
 + Level 19.7 Throwing
 + Level 20.1 Armour
 + Level 19.8 Dodging
 + Level 19.8 Stealth
 + Level 19.7 Shields
 + Level 19.7 Unarmed Combat
 + Level 19.7 Spellcasting
 + Level 17.1 Conjurations
 + Level 17.1 Hexes
 + Level 17.1 Summonings
 + Level 17.1 Necromancy
 + Level 17.1 Translocations
 + Level 17.1 Transmutations
 + Level 17.1 Fire Magic
 + Level 17.1 Ice Magic
 + Level 17.1 Air Magic
 + Level 17.1 Earth Magic
 + Level 17.1 Poison Magic
 + Level 21.1 Invocations
 + Level 20.4 Evocations


You had 2 spell levels left.
You knew the following spells:

 Your Spells              Type           Power        Failure   Level
a - Animate Skeleton      Necr           100%         1%          1
b - Tukima's Dance        Hex            97%          1%          3
c - Apportation           Tloc           100%         1%          1
d - Passwall              Tmut/Erth      80%          1%          2
e - Mephitic Cloud        Conj/Pois/Air  97%          1%          3
f - Frozen Ramparts       Ice            100%         1%          3
g - Blink                 Tloc           N/A          1%          2
h - Bolt of Magma         Conj/Fire/Erth 48%          1%          5
i - Fireball              Conj/Fire      48%          1%          5
j - Irradiate             Conj/Tmut      48%          1%          5
k - Borgnjor's Vile Clut  Necr/Erth      48%          1%          5
l - Summon Mana Viper     Hex/Summ       97%          1%          5
m - Lee's Rapid Deconstr  Erth           48%          1%          5
n - Swiftness             Air            97%          1%          2
o - Passage of Golubria   Tloc           N/A          1%          4
p - Silence               Hex/Air        48%          1%          5
q - Orb of Destruction    Conj           48%          5%          7

Your spell library contained the following spells:

 Spells                   Type           Power        Failure   Level
 Beastly Appendage        Tmut           100%         1%          1
 Corona                   Hex            100%         1%          1
 Foxfire                  Conj/Fire      100%         1%          1
 Freeze                   Ice            100%         1%          1
 Magic Dart               Conj           100%         1%          1
 Pain                     Necr           100%         1%          1
 Sandblast                Erth           100%         1%          1
 Shock                    Conj/Air       100%         1%          1
 Sting                    Tmut/Pois      100%         1%          1
 Summon Small Mammal      Summ           100%         1%          1
 Call Imp                 Summ           97%          1%          2
 Corpse Rot               Necr/Air       N/A          1%          2
 Poisonous Vapours        Pois/Air       100%         1%          2
 Slow                     Hex            97%          1%          2
 Sublimation of Blood     Necr           48%          1%          2
 Wereblood                Tmut           97%          1%          2
 Conjure Flame            Conj/Fire      97%          1%          3
 Dazzling Flash           Conj/Hex       100%         1%          3
 Ignite Poison            Fire/Tmut/Pois 97%          1%          3
 Inner Flame              Hex/Fire       97%          1%          3
 Lesser Beckoning         Tloc           48%          1%          3
 Ozocubu's Armour         Ice            97%          1%          3
 Spider Form              Tmut/Pois      48%          1%          3
 Static Discharge         Conj/Air       97%          1%          3
 Stone Arrow              Conj/Erth      100%         1%          3
 Airstrike                Air            48%          1%          4
 Animate Dead             Necr           48%          1%          4
 Hailstorm                Conj/Ice       97%          1%          4
 Ice Form                 Ice/Tmut       97%          1%          4
 Olgreb's Toxic Radiance  Pois           97%          1%          4
 Petrify                  Tmut/Erth      97%          1%          4
 Sticky Flame             Conj/Fire      97%          1%          4
 Summon Ice Beast         Ice/Summ       97%          1%          4
 Summon Lightning Spire   Summ/Air       97%          1%          4
 Agony                    Necr           97%          1%          5
 Alistair's Intoxication  Tmut/Pois      64%          1%          5
 Blade Hands              Tmut           48%          1%          5
 Excruciating Wounds      Necr           48%          1%          5
 Iskenderun's Battlesphe  Conj           97%          1%          5
 Lightning Bolt           Conj/Air       48%          1%          5
 Summon Demon             Summ           48%          1%          5
 Summon Forest            Summ/Tloc      48%          1%          5
 Conjure Ball Lightning   Conj/Air       48%          1%          6
 Death Channel            Necr           48%          1%          6
 Eringya's Noxious Bog    Tmut/Pois      48%          1%          6
 Freezing Cloud           Conj/Ice/Air   48%          1%          6
 Hydra Form               Tmut           48%          1%          6
 Invisibility             Hex            97%          1%          6
 Iron Shot                Conj/Erth      48%          1%          6
 Shadow Creatures         Summ           N/A          1%          6
 Simulacrum               Ice/Necr       48%          1%          6
 Statue Form              Tmut/Erth      64%          1%          6
 Dragon Form              Tmut           48%          5%          7
 Haunt                    Necr/Summ      48%          5%          7
 Spellforged Servitor     Conj/Summ      48%          5%          7
 Summon Hydra             Summ           48%          5%          7
 Borgnjor's Revivificati  Necr           48%          34%         8
 Chain Lightning          Conj/Air       48%          34%         8
 Infestation              Necr           48%          34%         8
 Lehudib's Crystal Spear  Conj/Erth      48%          34%         8
 Necromutation            Tmut/Necr      48%          34%         8
 Absolute Zero            Ice            48%          99%         9
 Death's Door             Necr           48%          99%         9
 Fire Storm               Conj/Fire      48%          99%         9
 Tornado                  Air            48%          99%         9


Dungeon Overview and Level Annotations

Branches:
Dungeon (15/15)            Temple (1/1) D:6            Lair (6/6) D:9
  Swamp (4/4) Lair:4        Snake (4/4) Lair:2        Slime (0/5) Lair:5
    Orc (2/2) D:11            Elf (3/3) Orc:2        Vaults (5/5) D:13
  Crypt (3/3) Vaults:2       Tomb (0/3) Crypt:3      Depths (5/5) D:15
   Hell (visited)             Zot (5/5) Depths:5    Ossuary (visited)
 WizLab (visited)         Gauntlet (visited)
    Dis: Hell:1         Geh: Hell:1         Coc: Hell:1         Tar: Hell:1

Altars:
Ashenzari
Cheibriados
Dithmenos
Elyvilon
Fedhas
Gozag
Hepliaklqana
Kikubaaqudgha
Makhleb
Nemelex Xobeh
Okawaru
Qazlal
Ru
Sif Muna
Trog
Uskayaw
Vehumet
Wu Jian
Xom
Yredelemnul
Zin
The Shining One
Jiyva

Shops:
D:4 [   D:5 }   D:9 ***[:   D:12 [   D:15 [*:   Orc:1 !   Orc:2 [[[[
Snake:2 *?}   Vaults:4 :

Portals:
Hell: Depths:1 Depths:2 Depths:3 Depths:4 Depths:5
Abyss: Depths:4
Pandemonium: Depths:1 Depths:3
Ziggurat: Depths:2

Annotations:
Elf:2 3 runed translucent doors, exclusion: 3 doors
Depths:2 2 transporters, exclusion: orange crystal statue
Hell Geryon


Innate Abilities, Weirdness & Mutations

Your experience applies equally to all skills.
You have very sharp teeth.
Your uncanny sense of smell can sniff out nearby items.
Your life essence is reduced to manifest your ancestor. (-10% HP)
Your skin changes colour to match your surroundings (Stealth+).
You are robust. (+10% HP)
You occasionally shout uncontrollably at your foes.
Your spells are a little harder to cast, but a little more powerful.


Message History

Where to? (Enter - D:1 @ (x,y), ? - help)
What level of the Dungeon? (default 1, ? - help)
You swap places.
Magic restored.
There is a stone staircase leading up, spattered with blood here.
You climb upwards.
HP restored.
There is a stone staircase leading down here.
Things that are here:
a +0 leather armour; a cursed -2 dagger Cihuaton is no longer moving quickly.
You see here a +0 club.
Things that are here:
a cursed +0 short sword; a +2 dagger of speed
There is a stone staircase leading up here.
You climb upwards.
There is a stone staircase leading down here.
There is an open door here.
There is an open door here.
There is a staircase leading out of the dungeon here.
You have escaped!

#....##### ♣≈##...#♣....♣ #.#.#
#........#♣♣≈≈#'#.#..#### ###.#.#
########.#♣≈≈≈#.#.#..#..# #.....#
.....# #.#♣≈≈≈###'#..#..# #.#...#
.....# #.#♣≈≈≈......♣#..# #.#...#
.....# #.#≈≈≈≈≈.....♣#'## #.##.##
.....# #.#≈..8≈.######..# #.##...
.....# #.#≈≈8≈≈##..'....###.#####
.###.# #.#≈≈≈≈≈#@..#######.......
.# #.# #.#♣≈≈≈.#R..#♣♣♣♣##..###..
.# #.###.#♣≈≈≈.##.##♣..##...# #..
.# #.....#♣♣≈≈..#'#♣..####..# #..
.# ####### ♣≈♣........# #..# #..
.# ##.♣♣.....#'# #..###.. .#
#.#♣♣♣..♣♣#.# #.......
.##########.#########.####.......
.................................


You could see the friendly Cihuaton the hexer.

Vanquished Creatures
  7 orbs of fire
  4 ancient liches
  A juggernaut (Depths:3)
  Sojobo (Vaults:3)
  Bai Suzhen (Vaults:2)
  5 Killer Klowns
  Boris (twice) (Vaults:3 Vaults:4)
  Frederick (Crypt:1)
  5 curse toes
  Nikola (Lair:4)
  The ghost of Getoffmy the Slayer, a veteran GrFi of Wu Jian (Vaults:4)
  17 golden dragons
  the Enchantress (Depths:3)
  3 bone dragons
  3 electric golems
  3 liches
  14 tentacled monstrosities
  A shard shrike skeleton (Crypt:3)
  2 deep elf blademasters (Elf:3)
  Asterion (Depths:1)
  18 Orb Guardians (Zot:5)
  A titan (Vaults:4)
  2 deep elf master archers
  9 quicksilver dragons
  6 ancient champions
  An Executioner (D:9)
  A tentacled starspawn (Abyss:2)
  9 sphinxes
  12 death cobs
  A storm dragon (shapeshifter) (Depths:3)
  A thorn hunter (Swamp:3)
  11 storm dragons
  6 shadow dragons
  Kirke (D:15)
  5 tengu reavers
  3 revenants
  A fenstrider witch (Swamp:4)
  5 draconian monks
  7 deep elf sorcerers
  Louise (Swamp:1)
  7 vault wardens
  2 ghost moths
  An iron dragon (Vaults:4)
  17 frost giants
  13 fire giants
  Aizul (Vaults:1)
  8 nagarajas
  4 draconian scorchers
  8 draconian knights
  2 deep elf elementalists (Elf:3)
  8 draconian shifters
  A cacodemon (D:4)
  3 ghouls
  7 draconian stormcallers
  The ghost of Sardonyx the Devastator, a journeyman DEFE of Sif Muna (Elf:1)
  11 ironheart preservers
  3 draconian annihilators
  20 very ugly things
  4 spriggan defenders
  31 stone giants
  10 deep elf annihilators
  12 green draconians
  7 deep elf demonologists
  7 vampire knights
  12 black draconians
  Azrael (D:14)
  7 purple draconians
  4 red draconians
  4 dire elephants (Lair:6)
  14 white draconians
  6 bunyips
  A spark wasp (Depths:4)
  6 yellow draconians
  A minotaur (Gauntlet)
  A blizzard demon (Zot:4)
  3 eleionomae
  2 eidola (Crypt:2)
  16 ettins
  A green death (Depths:3)
  12 deep elf death magi
  A crystal guardian (Vaults:3)
  An eleionoma (shapeshifter) (Depths:3)
  14 fire dragons
  A quicksilver dragon zombie (Crypt:3)
  9 jiangshi
  A shambling mangrove (Swamp:4)
  Erolcha (Orc:2)
  17 ice dragons
  4 deep elf high priests
  13 ogre magi
  6 rakshasas
  14 great orbs of eyes
  19 hydras
  18 naga warriors
  4 spriggan air magi
  16 yaktaur captains
  30 vault guards
  7 boulder beetles
  A fenstrider witch zombie (Crypt:2)
  A catoblepas (Lair:4)
  13 centaur warriors
  9 anacondas
  Erica (D:8)
  4 ghost crabs
  An anaconda (shapeshifter) (Depths:3)
  2 death yaks (D:15)
  8 alligators
  7 death knights
  43 two-headed ogres
  7 vampire magi
  14 deep troll earth magi
  15 deep troll shamans
  5 tengu warriors
  9 naga sharpshooters
  A shock serpent (shapeshifter) (Vaults:5)
  5 hell knights
  8 shock serpents
  A spriggan berserker (Depths:2)
  A thrashing horror (Abyss:2)
  A sun demon (D:4)
  19 deep elf knights
  Urug (D:11)
  4 soul eaters
  A titan skeleton (Crypt:3)
  51 skeletal warriors
  A spatial maelstrom (Abyss:2)
  A fire crab (shapeshifter) (Vaults:5)
  2 sixfirhies (Zot:1)
  A salamander mystic (Snake:4)
  A shadow wraith (Vaults:5)
  8 glowing orange brains
  6 iron trolls
  3 goliath frogs
  5 unseen horrors
  A deep troll (shapeshifter) (Vaults:1)
  6 wizards
  9 swamp dragons
  37 deep trolls
  An entropy weaver zombie (Crypt:3)
  2 spriggan druids
  8 naga ritualists
  4 bog bodies
  9 large abominations
  16 deep elf archers
  15 ironbrand convokers
  4 flayed ghosts
  8 phantasmal warriors
  A lindwurm (D:13)
  An anaconda skeleton (Crypt:3)
  An iron dragon zombie (Abyss:2)
  9 mana vipers
  A shadow dragon skeleton (Crypt:3)
  55 deep elf magi
  5 necromancers
  12 orc knights
  2 golden dragon skeletons (Crypt:3)
  A stone giant zombie (Vaults:2)
  A wolf spider zombie (D:15)
  3 will-o-the-wisps
  3 oklob plants (Lair:5)
  A worldbinder (Gauntlet)
  An orc sorcerer (Elf:3)
  12 salamanders
  45 ugly things
  6 wolf spiders
  34 moths of wrath
  4 cyclopes
  An eleionoma zombie (Crypt:2)
  An iron dragon skeleton (Crypt:3)
  A manticore (shapeshifter) (Vaults:5)
  8 rime drakes
  A manticore (Elf:3)
  A sphinx skeleton (Vaults:2)
  A stone giant skeleton (Crypt:3)
  A frost giant skeleton (Crypt:3)
  5 guardian serpents (Snake:4)
  26 black mambas
  17 cane toads
  A water nymph (shapeshifter) (Depths:2)
  4 elephants (Lair:5)
  A rust devil (D:9)
  9 vault sentinels
  Joseph (Lair:1)
  A black mamba (shapeshifter) (D:15)
  16 naga magi
  Maggie (Lair:2)
  4 orange demons
  A smoke demon (Abyss:2)
  A shock serpent skeleton (Crypt:3)
  A human zombie (Vaults:2)
  A storm dragon simulacrum (Vaults:2)
  A gargoyle (D:12)
  4 kobold demonologists
  2 tormentors
  8 komodo dragons
  11 freezing wraiths
  6 red devils
  38 yaktaurs
  A hellion (Depths:2)
  A sea snake skeleton (Crypt:3)
  5 efreet
  A yaktaur (shapeshifter) (Depths:3)
  8 hellwings
  5 tengu conjurers
  2 ice devils (Depths:3)
  A polar bear (Vaults:2)
  5 tyrant leeches
  A troll (shapeshifter) (D:15)
  13 trolls
  A tengu simulacrum (Vaults:2)
  3 harpy skeletons
  6 wolves
  13 hornets
  A sphinx simulacrum (Vaults:3)
  A raiju (Abyss:2)
  A hydra skeleton (Crypt:3)
  3 dream sheep
  16 blink frogs
  A boulder beetle zombie (Crypt:1)
  A tarantella zombie (Crypt:2)
  A fire dragon zombie (Crypt:3)
  9 slime creatures
  A human simulacrum (Vaults:1)
  A shadow (D:15)
  A tarantella (shapeshifter) (Elf:1)
  Sigmund (D:6)
  9 spriggans
  An ettin skeleton (Crypt:3)
  2 wyverns
  A yak (shapeshifter) (Depths:2)
  A centaur simulacrum (D:15)
  11 flying skulls
  2 starcursed masses (Abyss:2)
  4 air elementals
  A redback (shapeshifter) (Vaults:4)
  A spriggan (shapeshifter) (Vaults:2)
  8 wraiths
  2 hogs (D:15)
  12 dancing weapons
  20 yaks
  8 fire elementals
  10 water elementals
  3 basilisks
  A hog (shapeshifter) (Vaults:2)
  19 humans (D:13)
  A human (shapeshifter) (Vaults:2)
  A steam dragon (Lair:2)
  A neqoxec (Abyss:2)
  13 vampire mosquitoes
  A merfolk zombie (Crypt:3)
  A naga (shapeshifter) (Depths:1)
  47 nagas
  15 swamp worms
  2 acid dragons
  A soldier ant (shapeshifter) (Vaults:4)
  2 wargs
  A spatial vortex (Abyss:2)
  18 water moccasins
  A floating eye (shapeshifter) (Vaults:1)
  7 floating eyes
  5 swamp drakes
  6 hell hounds
  25 orc warriors
  2 sky beasts
  An ice beast (D:13)
  6 black bears
  An eye of draining (shapeshifter) (Depths:2)
  A cane toad skeleton (Crypt:3)
  A black bear (shapeshifter) (Depths:4)
  3 eyes of draining
  3 phantoms
  20 boggarts
  38 ogres
  A manticore skeleton (Crypt:3)
  4 small abominations
  5 necrophages
  9 centaurs
  4 hexers
  A swamp dragon skeleton (Crypt:3)
  23 bullfrogs
  3 big kobolds
  3 elf zombies (Elf:1)
  3 earth elementals
  A water moccasin zombie (D:12)
  17 scorpions
  8 killer bees
  2 troll skeletons
  13 wights
  5 crimson imps
  8 howler monkeys
  3 centaur zombies
  2 bullfrog zombies
  A quasit (D:8)
  3 jellies
  3 bullfrog skeletons
  3 centaur skeletons
  17 orc priests
  8 hounds
  2 iron imps
  4 iguanas
  9 worker ants
  19 orc wizards
  A killer bee zombie (D:5)
  A naga skeleton (Crypt:3)
  2 hound zombies
  3 mummies (Ossuary)
  A howler monkey zombie (D:6)
  11 adders
  7 gnolls
  4 scorpion zombies (Ossuary)
  A swamp drake skeleton (Crypt:1)
  2 shadow imps
  7 white imps
  4 ufetubi
  An ooze (D:2)
  A worm zombie (Crypt:2)
  A worm (D:2)
  A dart slug (D:1)
  4 leopard geckos
  64 orcs
  7 giant cockroaches
  2 gnoll zombies (Ossuary)
  4 goblins
  8 hobgoblins
  8 jackals
  4 quokkas
  3 ball pythons
  8 bats
  6 frilled lizards
  A goblin skeleton (Crypt:2)
  2 goblin zombies (Ossuary)
  A jackal zombie (D:5)
  27 kobolds
  3 kobold zombies (Ossuary)
  An orc zombie (Ossuary)
  A quokka zombie (Crypt:1)
  10 rats
  3 briar patches (Swamp:4)
2227 creatures vanquished.

Vanquished Creatures (collateral kills)
  An orb of fire (Zot:4)
  An ancient lich (Vaults:5)
  2 Killer Klowns (Zot:5)
  7 golden dragons
  2 caustic shrikes
  Rupert (Lair:5)
  5 Orb Guardians (Zot:5)
  Jorgrun (Orc:2)
  4 tentacled monstrosities
  A lich (Crypt:3)
  A quicksilver dragon (Vaults:5)
  2 deep elf blademasters (Elf:1)
  2 deep elf master archers
  A death cob (Zot:3)
  3 shadow dragons
  An ancient champion (Crypt:2)
  A sphinx (Depths:4)
  4 tengu reavers
  2 storm dragons (Zot:5)
  A revenant (Crypt:2)
  3 fire giants
  A draconian monk (Zot:2)
  An azure jelly (shapeshifter) (Vaults:4)
  2 nagarajas
  5 frost giants
  An iron dragon (Depths:5)
  A vault warden (Vaults:2)
  3 draconian knights
  2 cacodemons
  3 deep elf sorcerers
  2 draconian scorchers
  A ghost moth (Zot:5)
  3 draconian shifters
  A curse skull (Crypt:1)
  2 ghouls (Crypt:2)
  A draconian stormcaller (Zot:3)
  2 draconian annihilators
  6 stone giants
  6 black draconians
  3 very ugly things
  3 purple draconians
  A bunyip (Swamp:2)
  3 white draconians
  A yellow draconian (Zot:4)
  3 red draconians
  6 ettins
  An eleionoma (Swamp:4)
  4 jiangshi
  A deep elf death mage (Depths:4)
  4 fire dragons
  3 ogre magi
  2 great orbs of eyes
  9 yaktaur captains
  Fannar (D:10)
  3 ice dragons
  A deep elf high priest (Elf:3)
  A rakshasa (Depths:2)
  3 vault guards
  3 boulder beetles
  A naga warrior (Snake:4)
  4 hydras
  A death yak (D:15)
  3 death knights
  16 two-headed ogres
  An alligator (Swamp:4)
  2 dancing weapons
  4 vampire magi
  2 tengu warriors
  A deep troll shaman (Depths:3)
  A centaur warrior (D:13)
  2 deep troll earth magi
  A spriggan berserker (Depths:5)
  2 shock serpents
  2 naga sharpshooters (Snake:4)
  3 deep elf knights
  2 hell knights
  5 iron trolls
  4 swamp dragons
  7 skeletal warriors
  A shadow wraith (Vaults:2)
  A small abomination (Elf:3)
  An unseen horror (D:11)
  A naga ritualist (Snake:1)
  A spriggan druid (Swamp:4)
  5 deep trolls
  A flayed ghost (Crypt:1)
  3 deep elf archers
  An ironbrand convoker (Vaults:3)
  3 salamander mystics
  3 orc knights
  A gelid demonspawn (Depths:3)
  5 phantasmal warriors
  7 deep elf magi
  2 necromancers (D:13)
  A mana viper (Snake:4)
  13 ugly things
  A fire giant skeleton (Crypt:3)
  A will-o-the-wisp (Swamp:1)
  2 cyclopes (Orc:2)
  3 salamanders
  A manticore (Elf:3)
  A shining eye (shapeshifter) (Vaults:5)
  2 guardian serpents (Snake:4)
  7 moths of wrath
  A torpor snail (Lair:3)
  3 naga magi
  3 vault sentinels
  2 elephants (Lair:5)
  A rust devil (Abyss:2)
  6 black mambas
  A cane toad (Lair:1)
  A shock serpent skeleton (Crypt:2)
  An orange demon (Zot:1)
  A yaktaur zombie (Vaults:2)
  A rime drake (shapeshifter) (Depths:1)
  A rime drake (D:13)
  2 centaur skeletons
  A yaktaur (shapeshifter) (D:15)
  3 freezing wraiths
  A green draconian skeleton (Crypt:1)
  An ancient zyme (Abyss:2)
  9 yaktaurs
  A white draconian skeleton (Crypt:2)
  A tengu conjurer (Depths:1)
  A meliai (shapeshifter) (Depths:1)
  A minotaur skeleton (Crypt:2)
  3 trolls
  A queen ant zombie (Crypt:3)
  2 hornets
  3 slime creatures
  A raiju (shapeshifter) (D:15)
  4 dream sheep
  2 blink frogs
  A frost giant simulacrum (Abyss:2)
  2 spriggans (Swamp:1)
  5 flying skulls
  3 water elementals
  An air elemental (Elf:1)
  3 wraiths
  A vampire (D:15)
  5 yaks
  A fire dragon skeleton (Crypt:1)
  A fire elemental (Elf:3)
  A human (D:13)
  2 basilisks (Lair:4)
  A vampire mosquito (Swamp:1)
  16 nagas
  A warg (Vaults:3)
  5 swamp worms
  A water moccasin (Lair:3)
  4 swamp drakes (Swamp:4)
  6 orc warriors
  A merfolk skeleton (Crypt:2)
  A necrophage (D:10)
  A black bear (D:9)
  A sky beast (D:8)
  2 ice beasts
  4 wolves
  9 ogres
  A swamp dragon zombie (Crypt:3)
  An eye of draining (D:14)
  A big kobold (D:9)
  2 bullfrogs
  2 earth elementals
  A scorpion (D:10)
  2 howler monkeys (D:10)
  7 wights
  A crimson imp (Depths:2)
  A quasit (Abyss:2)
  3 orc wizards
  2 worker ants
  An ogre skeleton (Crypt:1)
  2 adders
  A shadow imp (Depths:1)
  3 white imps (D:8)
  17 orcs
  A jackal (D:8)
  A kobold skeleton (Crypt:1)
465 creatures vanquished.

Vanquished Creatures (others)
  A draconian knight (Zot:1)
  A white draconian (Depths:5)
  A naga warrior (Snake:3)
  A boulder beetle (D:14)
  An alligator (Swamp:4)
  A two-headed ogre (Vaults:1)
  A deep troll (Vaults:2)
  An ugly thing (D:14)
  A moth of wrath (Zot:1)
  A naga mage (D:15)
  2 cane toads (Lair:1)
  4 yaktaurs
  3 bloated husks
  A troll (Zot:1)
  2 hornets (Swamp:1)
  2 spriggans (Swamp:1)
  A water elemental (Depths:4)
  A human (D:15)
  2 fire elementals (D:14)
  A swamp worm (Swamp:4)
  42 dancing weapons
  An ogre (Zot:1)
  71 hexers
  A gnoll zombie (Ossuary)
  An orc zombie (Ossuary)
  12 foxfires
  72 fungi
  77 plants
  4 starspawn tentacles (Abyss:2)
310 creatures vanquished.

Grand Total: 3002 creatures vanquished

Notes
Turn   | Place    | Note
-------+----------+-------------------------------------------
     0 | D:1      | belegose the Gnoll Artificer began the quest for the Orb.
     0 | D:1      | Reached XP level 1. HP: 17/17 MP: 1/1
   350 | D:1      | Reached XP level 2. HP: 10/23 MP: 2/2
  1330 | D:1      | Reached XP level 3. HP: 28/28 MP: 3/3
  1662 | D:2      | Reached skill level 1 in Invocations
  1912 | D:2      | Reached skill level 1 in Short Blades
  1912 | D:2      | Reached skill level 1 in Long Blades
  1912 | D:2      | Reached skill level 1 in Axes
  1912 | D:2      | Reached skill level 1 in Maces & Flails
  1912 | D:2      | Reached skill level 1 in Polearms
  1912 | D:2      | Reached skill level 1 in Staves
  1912 | D:2      | Reached skill level 1 in Slings
  1912 | D:2      | Reached skill level 1 in Bows
  1912 | D:2      | Reached skill level 1 in Crossbows
  1912 | D:2      | Reached skill level 1 in Throwing
  1912 | D:2      | Reached skill level 1 in Shields
  1912 | D:2      | Reached skill level 1 in Unarmed Combat
  1912 | D:2      | Reached skill level 1 in Spellcasting
  2203 | D:2      | Reached XP level 4. HP: 34/34 MP: 5/5
  2250 | D:2      | Found a white marble altar of Elyvilon.
  2453 | D:2      | Found a glowing silver altar of Zin.
  2824 | D:3      | Reached skill level 1 in Conjurations
  2824 | D:3      | Reached skill level 1 in Hexes
  2824 | D:3      | Reached skill level 1 in Summonings
  2824 | D:3      | Reached skill level 1 in Necromancy
  2824 | D:3      | Reached skill level 1 in Translocations
  2824 | D:3      | Reached skill level 1 in Transmutations
  2824 | D:3      | Reached skill level 1 in Fire Magic
  2824 | D:3      | Reached skill level 1 in Ice Magic
  2824 | D:3      | Reached skill level 1 in Air Magic
  2824 | D:3      | Reached skill level 1 in Earth Magic
  2824 | D:3      | Reached skill level 1 in Poison Magic
  3239 | D:2      | Reached XP level 5. HP: 33/40 MP: 5/7
  4323 | D:3      | Reached skill level 2 in Invocations
  4323 | D:3      | Reached XP level 6. HP: 47/47 MP: 8/8
  4743 | D:4      | Reached skill level 5 in Armour
  5168 | D:4      | Noticed a necrophage
  5180 | D:4      | Killed a necrophage
  5181 | D:4      | Reached XP level 7. HP: 47/52 MP: 10/10
  5257 | D:4      | Found Haib's Armour Boutique.
  5784 | D:4      | Reached skill level 3 in Invocations
  6593 | D:5      | Entered Level 5 of the Dungeon
  6622 | D:5      | Found Onweogan's Gadget Shoppe.
  6775 | D:4      | Reached XP level 8. HP: 38/60 MP: 12/12
  7040 | D:5      | Found a sand-covered staircase.
  7049 | Ossuary  | Entered an ossuary
  7965 | Ossuary  | Reached skill level 4 in Invocations
  8385 | D:5      | Found a stormy altar of Qazlal.
  8533 | D:6      | Identified the Almanac of Displaced Dark Rituals
  8548 | D:5      | Learned a level 2 spell: Blink
  8641 | D:6      | Reached XP level 9. HP: 49/66 MP: 14/14
  8753 | D:6      | Noticed Sigmund
  9935 | D:7      | Learned a level 3 spell: Tukima's Dance
 10475 | D:6      | Reached skill level 5 in Fighting
 10475 | D:6      | Reached skill level 5 in Dodging
 10859 | D:6      | Killed Sigmund
 10860 | D:6      | Reached skill level 5 in Stealth
 11043 | D:6      | Found a staircase to the Ecumenical Temple.
 11115 | Temple   | Entered the Ecumenical Temple
 11204 | Temple   | Became a worshipper of Hepliaklqana the Forgotten
 11798 | D:7      | Reached skill level 5 in Invocations
 12583 | D:7      | Found an opulent altar of Gozag.
 12590 | D:7      | Reached XP level 10. HP: 66/66 MP: 17/17
 13295 | D:8      | Reached * piety under Hepliaklqana
 13341 | D:8      | Reached skill level 5 in Short Blades
 13341 | D:8      | Reached skill level 5 in Long Blades
 13341 | D:8      | Reached skill level 5 in Axes
 13341 | D:8      | Reached skill level 5 in Maces & Flails
 13341 | D:8      | Reached skill level 5 in Polearms
 13341 | D:8      | Reached skill level 5 in Staves
 13341 | D:8      | Reached skill level 5 in Slings
 13341 | D:8      | Reached skill level 5 in Bows
 13341 | D:8      | Reached skill level 5 in Crossbows
 13341 | D:8      | Reached skill level 5 in Throwing
 13341 | D:8      | Reached skill level 5 in Shields
 13341 | D:8      | Reached skill level 5 in Unarmed Combat
 13341 | D:8      | Reached skill level 5 in Spellcasting
 13454 | D:8      | Found a blossoming altar of Fedhas.
 13748 | D:8      | Noticed Erica
 14338 | D:8      | Killed Erica
 14600 | D:8      | Found a hide-covered altar of Uskayaw.
 14600 | D:8      | Found a shimmering altar of Xom.
 14860 | D:8      | Found a bloodstained altar of Trog.
 15106 | D:9      | Reached skill level 6 in Invocations
 15127 | D:9      | Reached ** piety under Hepliaklqana
 15135 | D:9      | Found a staircase to the Lair.
 15137 | D:9      | Found Nibiu's Assorted Antiques.
 15194 | D:9      | Found Haoj's General Store.
 15444 | D:9      | Found Feefizxo's Book Boutique.
 15503 | D:9      | Remembered your ancestor Cihuaton as a hexer
 15604 | D:9      | Found Dohoew's Armour Shoppe.
 15642 | D:9      | Found Foicieta's General Store.
 15872 | D:9      | Found a burning altar of Makhleb.
 15927 | D:10     | Entered Level 10 of the Dungeon
 15942 | D:10     | Noticed Fannar
 16245 | D:10     | Killed Fannar
 16246 | D:10     | Reached XP level 11. HP: 46/74 MP: 19/19
 16430 | D:10     | Noticed a two-headed ogre
 16491 | D:10     | Reached skill level 5 in Conjurations
 16491 | D:10     | Reached skill level 5 in Hexes
 16491 | D:10     | Reached skill level 5 in Summonings
 16491 | D:10     | Reached skill level 5 in Necromancy
 16491 | D:10     | Reached skill level 5 in Translocations
 16491 | D:10     | Reached skill level 5 in Transmutations
 16491 | D:10     | Reached skill level 5 in Fire Magic
 16491 | D:10     | Reached skill level 5 in Ice Magic
 16491 | D:10     | Reached skill level 5 in Air Magic
 16491 | D:10     | Reached skill level 5 in Earth Magic
 16491 | D:10     | Reached skill level 5 in Poison Magic
 17583 | D:9      | Found Haoj's General Store.
 17648 | D:9      | Found Feefizxo's Book Boutique.
 18693 | D:10     | Killed a two-headed ogre
 19294 | D:10     | Identified a scroll of acquirement
 19294 | D:10     | Acquired the ring of Impatience {rF+ EV+4 Str+4 Slay+3}
 19378 | D:11     | Reached skill level 7 in Invocations
 19432 | D:10     | Learned a level 1 spell: Apportation
 19437 | D:11     | Found a staircase to the Orcish Mines.
 19442 | D:11     | Noticed Urug
 19894 | D:11     | Killed an unseen horror
 19949 | D:11     | Killed an unseen horror
 20286 | D:11     | Reached *** piety under Hepliaklqana
 20296 | D:11     | Noticed a purple ugly thing
 20312 | D:11     | Killed a purple ugly thing
 20363 | D:11     | Noticed a two-headed ogre
 20382 | D:11     | Killed a two-headed ogre
 20446 | D:11     | Reached XP level 12. HP: 81/81 MP: 22/22
 20660 | D:11     | Killed Urug
 20900 | Orc:1    | Entered Level 1 of the Orcish Mines
 21506 | Orc:1    | Found Wep Norph's Distillery.
 21675 | Orc:1    | Bought a potion of degeneration for 16 gold pieces
 21925 | Orc:2    | Entered Level 2 of the Orcish Mines
 21935 | Orc:2    | Reached skill level 8 in Invocations
 22218 | Orc:2    | Found a staircase to the Elven Halls.
 22580 | Orc:2    | Found Ufraje Sophi's Armour Shop.
 22795 | Orc:2    | Noticed a two-headed ogre
 22864 | Orc:2    | Noticed a two-headed ogre
 22962 | Orc:1    | Killed a two-headed ogre
 23043 | Orc:2    | Noticed an ogre mage
 23125 | Orc:1    | Reached skill level 10 in Evocations
 23282 | Orc:2    | Noticed Jorgrun
 23396 | Orc:2    | Noticed a two-headed ogre
 23446 | Orc:1    | Killed a two-headed ogre
 23506 | D:9      | Bought a Young Poisoner's Handbook for 600 gold pieces
 23509 | D:9      | Learned a level 2 spell: Poisonous Vapours
 23513 | D:9      | Learned a level 3 spell: Mephitic Cloud
 23526 | Lair:1   | Entered Level 1 of the Lair of Beasts
 23773 | Lair:1   | Noticed Joseph
 23820 | Lair:1   | Killed Joseph
 24057 | Lair:1   | Reached **** piety under Hepliaklqana
 24061 | Lair:1   | Reached XP level 13. HP: 88/88 MP: 24/24
 24807 | Lair:2   | Found a gate leading to a gauntlet.
 24829 | Gauntlet | Entered a Gauntlet
 24829 | Gauntlet | Found a large runed translucent door.
 24829 | Gauntlet | Found a large runed translucent door.
 24829 | Gauntlet | Found a large runed translucent door.
 24829 | Gauntlet | Found a large runed translucent door.
 24829 | Gauntlet | Found a large runed translucent door.
 24829 | Gauntlet | Found a large runed translucent door.
 24829 | Gauntlet | Found a runed translucent door.
 24829 | Gauntlet | Found a transporter.
 24829 | Gauntlet | Found a transporter.
 24829 | Gauntlet | Found a runed translucent door.
 24829 | Gauntlet | Found a large runed translucent door.
 24829 | Gauntlet | Found a large runed translucent door.
 24829 | Gauntlet | Found a large runed translucent door.
 24829 | Gauntlet | Found a large runed translucent door.
 24829 | Gauntlet | Found a large runed translucent door.
 24829 | Gauntlet | Found a large runed translucent door.
 24833 | Gauntlet | Found a transporter.
 24833 | Gauntlet | Found a transporter.
 24844 | Gauntlet | Found a transporter.
 24853 | Gauntlet | Found a transporter.
 24858 | Gauntlet | Found a transporter.
 24861 | Gauntlet | Found a transporter.
 24861 | Gauntlet | Noticed a green death
 24862 | Gauntlet | Noticed a cacodemon
 24865 | Gauntlet | Found a transporter.
 24892 | Gauntlet | Found a transporter.
 24899 | Gauntlet | Found a transporter.
 24912 | Gauntlet | Found a large runed translucent door.
 24913 | Gauntlet | Found a large runed translucent door.
 24915 | Gauntlet | Found a runed translucent gate.
 24916 | Gauntlet | Found a runed translucent gate.
 24917 | Gauntlet | Found a transporter.
 24917 | Gauntlet | Found a runed translucent gate.
 24935 | Gauntlet | Found a large runed translucent door.
 24936 | Gauntlet | Found a large runed translucent door.
 24962 | Gauntlet | Found a transporter.
 24978 | Gauntlet | Found a transporter.
 24984 | Gauntlet | Noticed a green death
 25077 | Gauntlet | Found a transporter.
 25091 | Gauntlet | Found a transporter.
 25622 | Gauntlet | Noticed a minotaur
 25698 | Gauntlet | Killed a minotaur
 26166 | Lair:2   | Reached skill level 9 in Invocations
 26386 | Lair:2   | Noticed Maggie
 26395 | Lair:2   | Killed Maggie
 26823 | Lair:2   | Found a staircase to the Snake Pit.
 26828 | Lair:2   | Got a slimy bronze ring
 26829 | Lair:2   | Identified the ring "Zemmi" {rElec Will- rCorr Str+4 Dex+5}
                  | (You found it on level 2 of the Lair of Beasts)
 27529 | Lair:3   | Reached ***** piety under Hepliaklqana
 28374 | Lair:4   | Found a staircase to the Swamp.
 28932 | Lair:4   | Identified the +1 chain mail of Uroux {rC++ Regen+ Str-4
                  | Dex+2} (You found it on level 4 of the Lair of Beasts)
 29219 | Lair:4   | Reached XP level 14. HP: 90/97 MP: 10/26
 29665 | Lair:5   | Reached skill level 10 in Armour
 30084 | Lair:5   | Found a viscous altar of Jiyva.
 30084 | Lair:5   | Found a staircase to the Slime Pits.
 30620 | Lair:5   | Noticed Rupert
 31162 | Lair:5   | Killed Rupert
 31451 | Lair:6   | Entered Level 6 of the Lair of Beasts
 31647 | Lair:6   | Reached skill level 10 in Invocations
 33060 | Lair:6   | Noticed a dire elephant
 33070 | Lair:6   | Killed a dire elephant
 33158 | Lair:6   | Noticed a dire elephant
 33191 | Lair:6   | Killed a dire elephant
 33201 | Lair:6   | Noticed a dire elephant
 33209 | Lair:6   | Killed a dire elephant
 33506 | Lair:6   | Noticed a dire elephant
 33520 | Lair:6   | Killed a dire elephant
 34502 | D:12     | Identified the +2 leather armour "Othoap" {Dex+4} (You
                  | found it on level 12 of the Dungeon)
 34616 | D:12     | Reached skill level 10 in Fighting
 34616 | D:12     | Reached skill level 10 in Dodging
 34719 | D:12     | Found a portal to a secret trove of treasure.
 34863 | D:12     | Found Jirunyll's Antique Armour Boutique.
 34870 | D:12     | Bought a runed helmet for 262 gold pieces
 34870 | D:12     | Bought a pair of faintly glowing gloves for 332 gold pieces
 34870 | D:12     | Bought a pair of glowing boots for 262 gold pieces
 34881 | D:12     | Identified the +0 pair of gloves of the Albatross {-Tele
                  | Harm +Inv rCorr} (You bought it in a shop on level 12 of
                  | the Dungeon)
 35211 | D:13     | Noticed Nessos
 35212 | D:13     | Noticed Nessos
 35212 | D:13     | Nessos changed into Nessos the lindwurm
 35222 | D:13     | Killed Nessos the lindwurm
 35223 | D:13     | Reached skill level 10 in Stealth
 35249 | D:13     | Reached XP level 15. HP: 103/103 MP: 28/28
 35646 | D:13     | Reached ****** piety under Hepliaklqana
 35649 | D:13     | You fall into a shaft and drop 2 floors!
 35649 | D:15     | Entered Level 15 of the Dungeon
 36851 | D:13     | Reached skill level 10 in Short Blades
 36851 | D:13     | Reached skill level 10 in Long Blades
 36851 | D:13     | Reached skill level 10 in Axes
 36851 | D:13     | Reached skill level 10 in Maces & Flails
 36851 | D:13     | Reached skill level 10 in Polearms
 36851 | D:13     | Reached skill level 10 in Staves
 36851 | D:13     | Reached skill level 10 in Slings
 36851 | D:13     | Reached skill level 10 in Bows
 36851 | D:13     | Reached skill level 10 in Crossbows
 36851 | D:13     | Reached skill level 10 in Throwing
 36851 | D:13     | Reached skill level 10 in Shields
 36851 | D:13     | Reached skill level 10 in Unarmed Combat
 36851 | D:13     | Reached skill level 10 in Spellcasting
 36876 | D:13     | Found a gate to the Vaults.
 37218 | D:13     | Learned a level 3 spell: Frozen Ramparts
 37447 | D:14     | Found a glowing golden altar of the Shining One.
 37617 | D:14     | Identified the +4 scale mail of the Seven Continents {Will+
                  | Str+2 Dex+4} (You found it on level 14 of the Dungeon)
 37649 | D:14     | Noticed Azrael
 37978 | D:14     | Killed Azrael
 37979 | D:14     | Reached skill level 11 in Invocations
 39033 | D:15     | Found a staircase to the Depths.
 39033 | D:15     | Noticed a frost giant
 39049 | D:15     | Killed a frost giant
 39185 | D:15     | Found a transporter.
 39215 | D:15     | Paralysed by a floating eye for 4 turns
 39260 | D:15     | Found Guirimaw's Assorted Antiques.
 39277 | D:15     | Bought a warped hunting sling for 162 gold pieces
 39277 | D:15     | Identified the cursed +1 hunting sling of Causality
                  | {freeze, rPois} (You bought it in a shop on level 15 of the
                  | Dungeon)
 39600 | D:15     | Got a transparent lead ring
 39606 | D:15     | Identified the ring "Qiuzea Bihuc" {rN+ Will- MP+9 Int+4
                  | Dex+8} (You found it on level 15 of the Dungeon)
 39695 | D:15     | Found Ypriceg's Book Emporium.
 39968 | D:15     | Noticed a storm dragon
 39991 | D:15     | Killed a storm dragon
 40182 | D:15     | Reached XP level 16. HP: 109/111 MP: 30/30
 40188 | D:15     | Got a translucent bone ring
 40191 | D:15     | Identified the ring of Gemo {rPois rF- Will+ SInv} (You
                  | found it on level 15 of the Dungeon)
 40311 | D:15     | Paralysed by a floating eye for 2 turns
 40375 | D:15     | Found Netompoe's Armour Emporium.
 40610 | D:15     | Got a translucent brass ring
 40614 | D:15     | Identified the ring of the Endless Expanse {rElec Stlth+}
                  | (You found it on level 15 of the Dungeon)
 40872 | D:15     | Found a transporter.
 40934 | D:15     | Noticed Kirke
 40948 | D:15     | Killed Kirke
 41616 | Snake:1  | Entered Level 1 of the Snake Pit
 41991 | Snake:1  | Acquired a +2 pair of gloves of dexterity
 43507 | Snake:2  | Found Gutuoh's Magic Scroll Boutique.
 43507 | Snake:2  | Found Bobrufal's General Store.
 43527 | Snake:2  | Noticed a nagaraja
 43678 | Snake:2  | Killed a nagaraja
 43680 | Snake:2  | Bought a scroll of identify for 32 gold pieces
 43680 | Snake:2  | Bought a scroll of blinking for 120 gold pieces
 44371 | Snake:2  | Found Epnurum's Gadget Boutique.
 44425 | Snake:3  | Reached skill level 12 in Invocations
 45021 | Snake:3  | Reached XP level 17. HP: 102/117 MP: 15/32
 46427 | Snake:4  | Entered Level 4 of the Snake Pit
 48790 | Snake:4  | Reached skill level 10 in Conjurations
 48790 | Snake:4  | Reached skill level 10 in Hexes
 48790 | Snake:4  | Reached skill level 10 in Summonings
 48790 | Snake:4  | Reached skill level 10 in Necromancy
 48790 | Snake:4  | Reached skill level 10 in Translocations
 48790 | Snake:4  | Reached skill level 10 in Transmutations
 48790 | Snake:4  | Reached skill level 10 in Fire Magic
 48790 | Snake:4  | Reached skill level 10 in Ice Magic
 48790 | Snake:4  | Reached skill level 10 in Air Magic
 48790 | Snake:4  | Reached skill level 10 in Earth Magic
 48790 | Snake:4  | Reached skill level 10 in Poison Magic
 50625 | Snake:4  | Reached XP level 18. HP: 109/126 MP: 30/33
 51902 | Snake:4  | Reached skill level 13 in Invocations
 52324 | Snake:4  | Got a serpentine rune of Zot
 52605 | Swamp:1  | Entered Level 1 of the Swamp
 53809 | Swamp:1  | Noticed Louise
 53829 | Swamp:1  | Killed Louise
 53831 | Swamp:1  | Noticed Nikola
 54108 | Lair:4   | Killed Nikola
 56084 | Swamp:3  | Found the +9 sword of Zonguldrok {reap}
 57818 | Swamp:3  | Learned a level 5 spell: Bolt of Magma
 58164 | Swamp:4  | Entered Level 4 of the Swamp
 58181 | Swamp:4  | Reached XP level 19. HP: 110/133 MP: 26/35
 59048 | Swamp:4  | Identified the +3 ring mail "Inanlao" {rC+ rCorr} (You
                  | found it on level 4 of the Swamp)
 59326 | Swamp:4  | Got a decaying rune of Zot
 59735 | Orc:2    | Killed Jorgrun
 60065 | Orc:2    | Noticed Erolcha
 60076 | Orc:2    | Killed Erolcha
 60252 | Orc:2    | Found Fymoceosyx's Antique Armour Emporium.
 60285 | Orc:2    | Found Peddank's Antique Armour Boutique.
 60294 | Orc:2    | Found Azior's Antique Armour Boutique.
 60814 | Orc:2    | Bought a pair of runed boots for 225 gold pieces
 60814 | Orc:2    | Bought a distressingly furry ring mail for 270 gold pieces
 60819 | Orc:2    | Identified the +2 ring mail "Saum" {*Corrode +Blink Regen+
                  | Str+4} (You bought it in a shop on level 2 of the Orcish
                  | Mines)
 60858 | Elf:1    | Entered Level 1 of the Elven Halls
 61605 | Elf:1    | Acquired 354 gold pieces
 61727 | Elf:1    | Found a transporter.
 61731 | Elf:1    | Identified the +1 longbow of Traps {venom, +Inv rPois Will-
                  | Dex+7}
 61734 | Elf:1    | Found a bloodstained altar of Trog.
 61741 | Elf:1    | Found a transporter.
 61742 | Elf:1    | Identified the +7 rapier of the Unliving {vorpal, *Drain
                  | rN++}
 61743 | Elf:1    | Noticed Sardonyx's ghost (journeyman DEFE)
 61745 | Elf:1    | Identified the +8 quick blade of the Priest {flame, rElec
                  | Int+3}
 62029 | Elf:1    | Reached skill level 14 in Invocations
 62126 | Elf:1    | Identified the Catalogue of Darkness
 62130 | Elf:1    | Learned a level 1 spell: Animate Skeleton
 62411 | Elf:1    | Upgraded the game from 0.26.1-2-gb8aa6d0cf2 to
                  | 0.26.1-10-gdfb7c7de75
 62826 | Elf:2    | Found a runed translucent gate.
 62827 | Elf:2    | Found a runed translucent gate.
 62828 | Elf:2    | Found a runed translucent gate.
 63154 | Elf:3    | Entered Level 3 of the Elven Halls
 64068 | Elf:3    | Reached XP level 20. HP: 116/140 MP: 22/37
 65322 | Elf:3    | Identified the +7 battleaxe "Asiuttok" {vorpal, +Inv Str-5
                  | Int+8 Dex+3}
 65412 | Elf:3    | Identified the +4 steam dragon scales "Qolial" {rN+}
 66019 | Elf:3    | Identified the ring "Ywoliota" {+Fly Str+4}
 66328 | Elf:3    | Learned a level 5 spell: Fireball
 66334 | Elf:3    | Learned a level 5 spell: Irradiate
 66621 | Elf:3    | Identified the +2 chain mail "Bimiusizec" {rPois rC+ Will++
                  | Int-5}
 66921 | Elf:3    | Identified the +0 ring mail of the Pit {rN+} (You found it
                  | on level 3 of the Elven Halls)
 66927 | Elf:3    | Identified the cursed +1 ring mail of the Garden {Str+4
                  | Stlth+} (You found it on level 3 of the Elven Halls)
 67004 | Elf:3    | Identified the +7 falchion "Kisikil" {antimagic, Dex+4
                  | SInv}
 67231 | Elf:3    | Acquired the ring "Tim Puk" {*Corrode rF+ rC+++ Str+8 SInv}
 67535 | D:15     | Bought a runed hat for 175 gold pieces
 67535 | D:15     | Bought a potion of heal wounds for 125 gold pieces
 67725 | Orc:2    | Bought a shiny helmet for 225 gold pieces
 67933 | Vaults:1 | Entered Level 1 of the Vaults
 68090 | Vaults:1 | Acquired 1104 gold pieces
 68248 | D:9      | Bought a book of Unlife for 975 gold pieces
 68254 | D:9      | Learned a level 5 spell: Borgnjor's Vile Clutch
 69632 | Vaults:1 | Noticed Aizul
 69641 | Vaults:1 | Killed Aizul
 69911 | Vaults:1 | Reached XP level 21. HP: 139/147 MP: 38/38
 70990 | Vaults:2 | Reached skill level 15 in Evocations
 71501 | Vaults:2 | Found a transporter.
 71517 | Vaults:2 | Found a transporter.
 71673 | Vaults:2 | Found a staircase to the Crypt.
 71752 | Vaults:2 | Reached skill level 15 in Invocations
 74071 | Elf:1    | Killed Sardonyx's ghost
 74300 | Elf:1    | Got a steaming copper ring
 74324 | Elf:1    | Identified the ring "Niheof" {*Slow rN+ Str+6 SInv} (You
                  | found it on level 1 of the Elven Halls)
 74605 | D:15     | Bought a scroll of fear for 87 gold pieces
 74605 | D:15     | Bought a scroll of teleportation for 75 gold pieces
 74865 | Snake:2  | Bought a scroll of teleportation for 48 gold pieces
 74865 | Snake:2  | Bought a scroll of teleportation for 48 gold pieces
 74865 | Snake:2  | Bought a scroll of fear for 56 gold pieces
 75339 | Vaults:3 | Noticed Boris
 75363 | Vaults:3 | Killed Boris
 76102 | Vaults:3 | Noticed Bai Suzhen
 76188 | Vaults:2 | Killed Bai Suzhen
 76189 | Vaults:2 | Reached XP level 22. HP: 95/155 MP: 6/40
 76601 | Vaults:3 | Noticed Sojobo
 77008 | Vaults:3 | Killed Sojobo
 77138 | Vaults:3 | Reached skill level 15 in Armour
 78027 | Vaults:3 | Found a hide-covered altar of Uskayaw.
 78406 | Vaults:4 | Cast into level 2 of the Abyss (a deep elf sorcerer)
 78961 | Vaults:4 | Escaped the Abyss
 80160 | Vaults:4 | Found Yraeraq's Book Shop.
 80308 | Vaults:4 | Bought a book of Summonings for 1330 gold pieces
 80314 | Vaults:4 | Learned a level 5 spell: Summon Mana Viper
 80644 | Vaults:4 | Found a large runed translucent door.
 80660 | Vaults:4 | Reached skill level 15 in Fighting
 80660 | Vaults:4 | Reached skill level 15 in Dodging
 80665 | Vaults:4 | Noticed Boris
 80677 | Vaults:4 | Killed Boris
 80834 | Vaults:4 | Found a large runed translucent door.
 80834 | Vaults:4 | Found a large runed translucent door.
 80835 | Vaults:4 | Found a large runed translucent door.
 80835 | Vaults:4 | Noticed Getoffmy's ghost (veteran GrFi)
 80836 | Vaults:4 | Found a large runed translucent door.
 80836 | Vaults:4 | Found a large runed translucent door.
 80836 | Vaults:4 | Found a large runed translucent door.
 80836 | Vaults:4 | Found a large runed translucent door.
 80850 | Vaults:4 | Reached skill level 15 in Stealth
 80913 | Vaults:4 | Killed Getoffmy's ghost
 80914 | Vaults:4 | Reached skill level 16 in Invocations
 81212 | Vaults:4 | Got a clouded marble ring
 81213 | Vaults:4 | Identified the ring "Faes" {Fire Str+4} (You found it on
                  | level 4 of the Vaults)
 81344 | Vaults:4 | Reached XP level 23. HP: 162/162 MP: 41/41
 81829 | Depths:1 | Entered Level 1 of the Depths
 82321 | Depths:1 | Reached skill level 15 in Short Blades
 82321 | Depths:1 | Reached skill level 15 in Long Blades
 82321 | Depths:1 | Reached skill level 15 in Axes
 82321 | Depths:1 | Reached skill level 15 in Maces & Flails
 82321 | Depths:1 | Reached skill level 15 in Polearms
 82321 | Depths:1 | Reached skill level 15 in Staves
 82321 | Depths:1 | Reached skill level 15 in Slings
 82321 | Depths:1 | Reached skill level 15 in Bows
 82321 | Depths:1 | Reached skill level 15 in Crossbows
 82321 | Depths:1 | Reached skill level 15 in Throwing
 82321 | Depths:1 | Reached skill level 15 in Shields
 82321 | Depths:1 | Reached skill level 15 in Unarmed Combat
 82321 | Depths:1 | Reached skill level 15 in Spellcasting
 82952 | Depths:1 | Identified the +1 dagger of Disgust {holy, Will+ Dex+9}
                  | (You found it on level 1 of the Depths)
 83344 | Depths:1 | Found a one-way gate leading to the halls of Pandemonium.
 84653 | Depths:1 | Noticed Asterion
 84686 | Depths:1 | Killed Asterion
 85096 | Depths:1 | Found a gateway to Hell.
 85517 | Depths:2 | Found a gateway to a ziggurat.
 86736 | Depths:3 | Found a magical portal.
 86741 | WizLab   | Entered Cigotuvi's Fleshworks
 87025 | Depths:3 | Reached XP level 24. HP: 166/170 MP: 40/42
 87751 | Depths:2 | Identified the +10 chain mail of the Shrike {Regen+}
 87905 | Depths:2 | Found a transporter.
 88059 | Depths:2 | Found a transporter.
 88296 | Depths:3 | Noticed the Enchantress
 88316 | Depths:3 | Killed the Enchantress
 89542 | Depths:3 | Identified the amulet "Woiqausi" {rElec rF+ Regen+ Str+4}
 90605 | Depths:3 | Reached skill level 17 in Invocations
 90621 | Depths:3 | Noticed a caustic shrike
 90638 | Depths:3 | Killed a caustic shrike
 91117 | Depths:3 | Noticed a juggernaut
 91145 | Depths:3 | Identified the +7 great mace "Ywapliete" {spect, Will+ MP+9
                  | Str+3 Int-4}
 91148 | Depths:3 | Killed a juggernaut
 91239 | Depths:3 | Noticed a caustic shrike
 91333 | Depths:2 | Killed a caustic shrike
 91929 | Depths:3 | Reached XP level 25. HP: 177/177 MP: 43/43
 92257 | Depths:4 | Found a one-way gate to the infinite horrors of the Abyss.
 92596 | D:12     | You paid a toll of 6 scrolls of fear to enter a treasure
                  | trove
 92597 | Trove    | Entered a treasure trove
 92606 | Trove    | Got a sparkling copper ring
 92609 | Trove    | Got a wavering iron amulet
 92611 | Trove    | Got a warped ruby amulet
 92615 | Trove    | Got a brightly glowing wooden ring
 92617 | Trove    | Got an ancient ivory amulet
 92630 | Trove    | Identified the amulet of Alocats {Reflect Str-5 Int+3 Dex+2
                  | SH+5 SInv} (You found it in a treasure trove)
 92631 | Trove    | Identified the amulet of Penguu {Regen+ MP+9} (You found it
                  | in a treasure trove)
 92632 | Trove    | Identified the amulet "Ytyufuge" {Reflect Int-5 Dex+4 SH+5}
                  | (You found it in a treasure trove)
 92633 | Trove    | Identified the ring of Utodephur {+Inv rPois Str+6 Dex+7
                  | Stlth-} (You found it in a treasure trove)
 92634 | Trove    | Identified the ring "Isausag" {Wiz rF+} (You found it in a
                  | treasure trove)
 93453 | Depths:4 | Found an iron altar of Okawaru.
 93985 | Depths:4 | Paralysed by a floating eye for 2 turns
 94329 | Depths:5 | Entered Level 5 of the Depths
 94808 | Depths:5 | Found a gate to the Realm of Zot.
 96081 | Hell     | Entered the Vestibule of Hell
 96081 | Hell     | Noticed Geryon
 96658 | Vaults:2 | Reached XP level 26. HP: 170/185 MP: 32/43
 96777 | Vaults:2 | Identified the ring "Hosowic" {rN+ Str-5 Int+5 Dex+4 SInv}
                  | (You found it on level 2 of the Vaults)
 96915 | Vaults:5 | Entered Level 5 of the Vaults
 97024 | Vaults:4 | Reached skill level 18 in Invocations
 97428 | Vaults:5 | Noticed an ancient lich
 97444 | Vaults:5 | Killed an ancient lich
 98800 | Vaults:5 | Identified the +6 short sword of Causality {venom, Int+3
                  | Dex+3 Stlth-}
 99670 | Vaults:5 | Identified the Collected Works on Conjuration
 99939 | Vaults:5 | Got a silver rune of Zot
 99943 | Vaults:5 | Identified the Disquisition on Feathery Flames
100114 | Vaults:5 | Identified the Guide on Supportive Enchantment
100761 | Crypt:1  | Entered Level 1 of the Crypt
100801 | Vaults:2 | Reached XP level 27. HP: 176/193 MP: 44/44
101353 | Crypt:1  | You fall into a shaft and drop 1 floor!
101896 | Crypt:1  | Noticed Frederick
101907 | Crypt:1  | Killed Frederick
101975 | Crypt:1  | Found a basalt altar of Yredelemnul.
102106 | Crypt:1  | Reached skill level 15 in Conjurations
102106 | Crypt:1  | Reached skill level 15 in Hexes
102106 | Crypt:1  | Reached skill level 15 in Summonings
102106 | Crypt:1  | Reached skill level 15 in Necromancy
102106 | Crypt:1  | Reached skill level 15 in Translocations
102106 | Crypt:1  | Reached skill level 15 in Transmutations
102106 | Crypt:1  | Reached skill level 15 in Fire Magic
102106 | Crypt:1  | Reached skill level 15 in Ice Magic
102106 | Crypt:1  | Reached skill level 15 in Air Magic
102106 | Crypt:1  | Reached skill level 15 in Earth Magic
102106 | Crypt:1  | Reached skill level 15 in Poison Magic
102955 | Crypt:3  | Entered Level 3 of the Crypt
103563 | Crypt:3  | Identified the +8 troll leather armour of Grace {Regen+
                  | Str+4}
103628 | Crypt:3  | Found a staircase to the Tomb.
104541 | Crypt:3  | Noticed an ancient lich
104549 | Crypt:3  | Killed an ancient lich
104569 | Crypt:3  | Reached skill level 19 in Invocations
104744 | Crypt:3  | Found an ancient bone altar of Kikubaaqudgha.
105042 | Crypt:3  | Found the +7 sceptre of Torment {pain, torment}
106675 | Zot:1    | Entered Level 1 of the Realm of Zot
107516 | Snake:2  | Bought 3 scrolls of enchant weapon for 360 gold pieces
109093 | Zot:1    | Noticed an orb of fire
109115 | Zot:1    | Gained mutation: You are weak. (Str -2) [an orb of fire]
109123 | Zot:1    | Killed an orb of fire
109972 | Zot:1    | Noticed an orb of fire
109980 | Zot:1    | Gained mutation: You are very weak. (Str -4) [an orb of
                  | fire]
109998 | Zot:1    | Killed an orb of fire
112567 | Zot:2    | Reached skill level 20 in Invocations
113819 | Zot:3    | Noticed an orb of fire
113823 | Zot:3    | Gained mutation: You occasionally shout uncontrollably at
                  | your foes. [an orb of fire]
113826 | Zot:3    | Gained mutation: Your skin changes colour to match your
                  | surroundings (Stealth+). [an orb of fire]
113837 | Zot:3    | Gained mutation: You are clumsy. (Dex -2) [an orb of fire]
113839 | Zot:3    | Killed an orb of fire
114176 | Zot:3    | Noticed an orb of fire
114181 | Zot:3    | Killed an orb of fire
114591 | Zot:4    | Noticed an orb of fire
114598 | Zot:4    | Killed an orb of fire
114630 | Zot:4    | Noticed an orb of fire
114648 | Zot:4    | Killed an orb of fire
116342 | Zot:5    | Entered Level 5 of the Realm of Zot
117649 | D:9      | Bought a potion of haste for 280 gold pieces
117649 | D:9      | Bought a wand of digging (5) for 224 gold pieces
118104 | Depths:2 | Learned a level 5 spell: Lee's Rapid Deconstruction
118112 | Depths:2 | Learned a level 2 spell: Swiftness
118117 | Depths:2 | Learned a level 4 spell: Passage of Golubria
118123 | Depths:2 | Learned a level 5 spell: Silence
118131 | Depths:2 | Learned a level 7 spell: Orb of Destruction
118156 | Depths:2 | Learned a level 2 spell: Passwall
123058 | Zot:5    | Noticed an ancient lich
123089 | Zot:5    | Killed an ancient lich
123332 | Zot:5    | Noticed an ancient lich
123342 | Zot:5    | Killed an ancient lich
123474 | Zot:5    | Noticed an orb of fire
123497 | Zot:5    | Gained mutation: Scrolls take you a little longer to read.
                  | [an orb of fire]
123503 | Zot:5    | Killed an orb of fire
124183 | Zot:5    | Noticed an orb of fire
124198 | Zot:5    | Killed an orb of fire
124603 | Zot:5    | Reached skill level 21 in Invocations
124781 | Zot:5    | Noticed an ancient lich
124792 | Zot:5    | Killed an ancient lich
125294 | Zot:5    | Got the Orb of Zot
125532 | Zot:1    | Noticed Qaufuc the pandemonium lord
125537 | Depths:5 | Lost mutation: You are very weak. (Str -4) [potion of
                  | mutation]
125537 | Depths:5 | Lost mutation: Scrolls take you a little longer to read.
                  | [potion of mutation]
125537 | Depths:5 | Lost mutation: You are weak. (Str -2) [potion of mutation]
125537 | Depths:5 | Lost mutation: You are clumsy. (Dex -2) [potion of
                  | mutation]
125537 | Depths:5 | Gained mutation: Your spells are a little harder to cast,
                  | but a little more powerful. [potion of mutation]
125537 | Depths:5 | Gained mutation: You are robust. (+10% HP) [potion of
                  | mutation]
126132 | D:$      | Escaped with the Orb!

Illustrated notes

Levels and vault maps discovered:
D:1:      sevenhm_arrival_forest_fort_small_5, layout_basic
D:2:      layout_rooms, zin_scriptorium, serial_aquarium, aquarium_bridge_square
          [aquarium_subvault_bridge, aquarium_subvault_balcony,
          aquarium_subvault_bridge, aquarium_subvault_bridge],
          aquarium_window_corner, aquarium_window_2, aquarium_view_2d,
          aquarium_view_2a, aquarium_pool_1, elyvilon_altar_5
D:3:      kennysheep_big_flooded_room, layout_loops_ring
D:4:      layout_loops_corners, serial_shops, shop, grunt_tough_drop
D:5:      layout_rooms, general_overflow_altar, serial_shops, shop,
          nicolae_ossuary_entry_ruins
D:6:      layout_basic, temple_fountains, minmay_holes, st_stairs_9,
          minmay_crossroads, uniq_sigmund
D:7:      layout_basic, lemuel_round_altar
D:8:      layout_gridville, lightli_temple_of_fire, lemuel_round_altar,
          gammafunk_temple_overflow_elements, uniq_erica
D:9:      layout_long_grid, lemuel_coloured_pillars_altar,
          due_lair_maze_entry_diamond, serial_shops,
          nicolae_shop_competitors_out_of_business, nicolae_shop_stone, shop,
          kennysheep_mini, kennysheep_mini_moat
D:10:     layout_layer_cave, uniq_fannar
D:11:     layout_gridville, orc_0_dummy, uniq_urug
D:12:     layout_basic, serial_shops, shop, enter_trove_3
D:13:     minmay_coctagon, layout_stronghold, grunt_vaults_entry_tiered,
          uniq_nessos
D:14:     layout_loops_ring, tso_altar, lemuel_flame_loot_1, uniq_azrael
D:15:     hangedman_spin_cycle, serial_shops
Temple:   zaba_magenta_temple
Lair:1:   layout_big_grid, worms_lemuel, lemuel_fruit_fields, uniq_joseph
Lair:2:   layout_roguey, dummy_snake_entry, gauntlet_entry_generic,
          lemuel_fruit_tree, uniq_maggie
Lair:3:   layout_loops_ring, grunt_megastairs_4
Lair:4:   layout_concentric_octagons, minmay_swamp_entry_reptiles
Lair:5:   layout_roguey, slime_altar_1, minmay_lair_oklob_chamber,
          infiniplex_staircase_pool_2, grunt_megastairs_2, uniq_rupert
Lair:6:   due_jungle_book, layout_concentric_octagons
Swamp:1:  layout_falls_marsh, evilmike_swamp_ruin_rubble_1, uniq_nikola,
          uniq_louise
Swamp:2:  layout_basic_swamp, nicolae_swamp_trees_clearing, swamp_pool4
Swamp:3:  layout_basic_swamp, evilmike_swamp_ruin_house_1
Swamp:4:  swamp, layout_basic_swamp, infiniplex_staircase_pool
Snake:1:  layout_basic, nicolae_snake_squiggles, nicolae_large_snake_swirl,
          grunt_megastairs_1
Snake:2:  layout_misc_corridors, serial_shops, shop,
          nicolae_snake_salamander_stairs, minmay_shoptagon
Snake:3:  layout_misc_corridors, grunt_ministairs_3, grunt_megastairs_5
Snake:4:  johnstein_snake_rune_scales, layout_basic, uniq_vashnia
Orc:1:    layout_caves, serial_shops, shop, special_room [special_room_orc]
Orc:2:    st_orc_open, layout_caves, uniq_erolcha, uniq_jorgrun
Elf:1:    layout_geoelf_octagon, gammafunk_ghost_wrathful_warriors,
          minmay_elf_necromancy, grunt_ministairs_7
Elf:2:    layout_geoelf_grid
Elf:3:    grunt_elf_hall_spiral, layout_geoelf_octagon,
          einodemon_barbed_minivault
Vaults:1: hangedman_vaults_impose, nicolae_vaults_network_square,
          vaults_dpeg_encased_lava, v_alt_pattern_3, vaults_room_glass_cross,
          nicolae_vaults_alarming, nicolae_vaults_three_branches,
          ontoclasm_vaults_ring_small, layout_vaults_quadrants, uniq_aizul
Vaults:2: gammafunk_the_bubble [the_bubble_gammafunk_split],
          hangedman_vaults_stitches, blue_anna_dwarven_crypt,
          vaults_room_ringed_pool, nicolae_vaults_big_angled_halls,
          vaults_mumra_minichess_inversion, nicolae_vaults_little_ls,
          nicolae_vaults_twisting_passages, vaults_room_grunt_arrival_ludios,
          serial_ice_h, layout_vaults_maze
Vaults:3: v_misc_4, vaults_mumra_hex, v_pattern_5,
          nicolae_vaults_sealed_display, hangedman_vaults_stagger, v_misc_30,
          grunt_vaults_hallway_long, vaults_room_pools,
          nicolae_vaults_little_squares_6, vaults_room_pools,
          layout_vaults_omnicross, basic_altar, uniq_sojobo, uniq_bai_suzhen,
          uniq_boris
Vaults:4: advil_vaults_ghost_lines, ontoclasm_vaults_hangar, v_rooms_6,
          ontoclasm_vaults_shuriken, vaults_room_corners, v_misc_26,
          nicolae_vaults_little_squares_1, vaults_room_pool, layout_vaults_ring,
          serial_shops, shop
Vaults:5
Crypt:1:  layout_misc_corridors, basic_altar, uniq_frederick, uniq_margery
Crypt:2:  layout_gridlike, roderic_lattice_octagonal_star
Crypt:3:  church_of_pain_bobbens, layout_chaotic_city, st_small_mortuary
Depths:1: lemuel_troll_bridge, layout_honeycomb, serial_bayou_pond_e,
          rand_demon_pan_entry_7, hangedman_tar_grid_catacomb, minivault_22,
          minmay_alternating_orb, uniq_asterion
Depths:2: gammafunk_sealed_arena, layout_basic, enter_ziggurat_e, hellmouth_2,
          infiniplex_staircase_zigzag_5
Depths:3: hangedman_cross_cluster, layout_basic, grunt_pan_entry_zigzag,
          minmay_misc_feat_roman, hell_entry, mu_enter_wizlab_1,
          nzn_random_ring, uniq_enchantress
Depths:4: cheibrodos_salmonella, layout_cave_pools, kennysheep_flooded_box,
          grunt_hell_entry_dis_mu, abyss_entry_small_statue_room,
          minmay_staircase_windowed_large
Depths:5: grunt_crosshair, layout_honeycomb, hangedman_coc_ice_floe,
          minmay_misc_feat_rugged, corner_web_ring
Hell
Zot:1:    lemuel_halls_of_wrath, layout_twisted_circle, zot_minivault_7
Zot:2:    layout_cellular_growth, lemuel_elevator
Zot:3:    layout_gridville
Zot:4:    grunt_deathspiral_small, layout_onion_interference
Zot:5:    layout_gridville, st_stairs_6

Skill      XL: |  1  2  3  4  5  6  7  8  9 10 11 12 13 14 15 16 17 18 19 20 21 22 23 24 25 26 27 |
---------------+----------------------------------------------------------------------------------+-----
Invocations    | 1 2 3 4 5 6 7 8 9 10 11 12 13 14 15 16 17 18 21 | 21.1
Short Blades   | 1 2 3 4 5 6 7 8 9 10 11 12 13 14 15 16 17 19 | 19.7
Long Blades    | 1 2 3 4 5 6 7 8 9 10 11 12 13 14 15 16 17 19 | 19.7
Axes           | 1 2 3 4 5 6 7 8 9 10 11 12 13 14 15 16 17 19 | 19.7
Maces & Flails | 1 2 3 4 5 6 7 8 9 10 11 12 13 14 15 16 17 19 | 19.7
Polearms       | 1 2 3 4 5 6 7 8 9 10 11 12 13 14 15 16 17 19 | 19.7
Staves         | 1 2 3 4 5 6 7 8 9 10 11 12 13 14 15 16 17 19 | 19.7
Slings         | 1 2 3 4 5 6 7 8 9 10 11 12 13 14 15 16 17 19 | 19.7
Bows           | 1 2 3 4 5 6 7 8 9 10 11 12 13 14 15 16 17 19 | 19.7
Crossbows      | 1 2 3 4 5 6 7 8 9 10 11 12 13 14 15 16 17 19 | 19.7
Throwing       | 1 2 3 4 5 6 7 8 9 10 11 12 13 14 15 16 17 19 | 19.7
Shields        | 1 2 3 4 5 6 7 8 9 10 11 12 13 14 15 16 17 19 | 19.7
Unarmed Combat | 1 2 3 4 5 6 7 8 9 10 11 12 13 14 15 16 17 19 | 19.7
Spellcasting   | 1 2 3 4 5 6 7 8 9 10 11 12 13 14 15 16 17 19 | 19.7
Conjurations   | 1 2 3 4 5 6 7 8 9 10 11 12 13 14 17 | 17.1
Hexes          | 1 2 3 4 5 6 7 8 9 10 11 12 13 14 17 | 17.1
Summonings     | 1 2 3 4 5 6 7 8 9 10 11 12 13 14 17 | 17.1
Necromancy     | 1 2 3 4 5 6 7 8 9 10 11 12 13 14 17 | 17.1
Translocations | 1 2 3 4 5 6 7 8 9 10 11 12 13 14 17 | 17.1
Transmutations | 1 2 3 4 5 6 7 8 9 10 11 12 13 14 17 | 17.1
Fire Magic     | 1 2 3 4 5 6 7 8 9 10 11 12 13 14 17 | 17.1
Ice Magic      | 1 2 3 4 5 6 7 8 9 10 11 12 13 14 17 | 17.1
Air Magic      | 1 2 3 4 5 6 7 8 9 10 11 12 13 14 17 | 17.1
Earth Magic    | 1 2 3 4 5 6 7 8 9 10 11 12 13 14 17 | 17.1
Poison Magic   | 1 2 3 4 5 6 7 8 9 10 11 12 13 14 17 | 17.1
Fighting       | 3 4 5 6 7 8 9 10 11 12 13 14 15 16 17 19 | 19.8
Dodging        | 3 4 5 6 7 8 9 10 11 12 13 14 15 16 17 19 | 19.8
Stealth        | 3 4 5 6 7 8 9 10 11 12 13 14 15 16 17 19 | 19.8
Armour         | 5 6 7 8 9 10 11 12 13 14 15 16 17 20 | 20.1
Evocations     | 7 8 9 10 11 12 13 14 15 16 17 18 20 | 20.4

Action                   |  1- 3 |  4- 6 |  7- 9 | 10-12 | 13-15 | 16-18 | 19-21 | 22-24 | 25-27 || total
-------------------------+-------+-------+-------+-------+-------+-------+-------+-------+-------++-------
Melee: Dagger            |   108 |   145 |   206 |   291 |   398 |    33 |       |       |       ||  1181
       Club              |    11 |       |       |       |       |       |       |       |       ||    11
       Bite              |    14 |    14 |    67 |    89 |   230 |   249 |   242 |   365 |   609 ||  1879
       Mace              |       |     5 |       |       |       |       |       |       |       ||     5
       Trident           |       |     5 |   209 |     3 |       |       |       |       |       ||   217
       Punch             |       |     1 |    11 |     1 |       |       |       |       |       ||    13
       Short sword       |       |       |    31 |   266 |   670 |   266 |       |       |       ||  1233
       Scimitar          |       |       |       |    85 |   159 |   724 |    92 |       |       ||  1060
       Demon trident     |       |       |       |       |       |   198 |  1228 |  1934 |  2491 ||  5851
       Double sword      |       |       |       |       |       |    59 |   162 |     7 |   226 ||   454
       Rapier            |       |       |       |       |       |       |    22 |       |       ||    22
       Quick blade       |       |       |       |       |       |       |    16 |    28 |     4 ||    48
       Eveningstar       |       |       |       |       |       |       |       |       |   161 ||   161
 Fire: Hunting sling     |       |     7 |    38 |     3 |       |       |       |       |       ||    48
Throw: Stone             |    45 |     7 |       |       |       |       |       |       |       ||    52
       Dart              |       |    20 |    84 |    56 |    12 |    19 |    21 |       |       ||   212
       Boomerang         |       |       |       |     3 |    19 |    34 |     9 |    21 |   107 ||   193
       Javelin           |       |       |       |       |     1 |       |     5 |       |    13 ||    19
 Cast: Tukima's Dance    |       |       |       |    35 |    22 |    82 |    27 |    43 |    83 ||   292
       Poisonous Vapours |       |       |       |     8 |   123 |       |    10 |       |       ||   141
       Mephitic Cloud    |       |       |       |     3 |     4 |       |       |       |       ||     7
       Frozen Ramparts   |       |       |       |       |       |    23 |     2 |       |       ||    25
       Blink             |       |       |       |       |       |     5 |     4 |     2 |     1 ||    12
       Bolt of Magma     |       |       |       |       |       |     1 |    26 |    27 |    46 ||   100
       Animate Skeleton  |       |       |       |       |       |       |     9 |    25 |    26 ||    60
       Borgnjor's Vile C |       |       |       |       |       |       |     9 |    19 |    38 ||    66
       Fireball          |       |       |       |       |       |       |     3 |     5 |     3 ||    11
       Summon Mana Viper |       |       |       |       |       |       |       |    16 |   163 ||   179
       Irradiate         |       |       |       |       |       |       |       |     1 |     3 ||     4
Invok: Recall Ancestor   |       |       |       |    15 |     7 |    22 |    21 |    25 |    25 ||   115
       Ancestor Life: He |       |       |       |     1 |       |       |       |       |       ||     1
       Idealise          |       |       |       |       |       |     4 |     1 |     1 |     3 ||     9
Evoke: Wand              |     5 |       |    13 |    15 |    11 |    17 |     8 |    18 |    11 ||    98
       Phantom mirror    |       |       |       |       |     1 |       |       |     1 |       ||     2
       Condenser vane    |       |       |       |       |       |     1 |     1 |     1 |     1 ||     4
       Box of beasts     |       |       |       |       |       |       |       |     1 |       ||     1
  Use: Scroll            |       |     1 |     2 |    16 |    16 |    10 |     8 |     7 |    38 ||    98
       Potion            |       |       |       |     1 |       |     1 |     1 |     6 |    16 ||    25
 Stab: Sleeping          |     3 |     4 |     5 |    11 |    37 |    26 |    20 |    32 |    26 ||   164
       Distracted        |     1 |       |     2 |     4 |    14 |    31 |    21 |    41 |    89 ||   203
       Confused          |       |       |       |    16 |    15 |    19 |    73 |   100 |   202 ||   425
       Paralysed         |       |       |       |       |    22 |    55 |    53 |    70 |    84 ||   284
Armor: Leather armour    |    14 |    21 |       |       |       |       |       |       |       ||    35
       Ring mail         |       |     2 |   119 |    28 |       |       |       |       |       ||   149
       Troll leather arm |       |       |       |    25 |     7 |       |       |       |       ||    32
       Swamp dragon scal |       |       |       |       |   134 |   164 |   161 |   114 |    65 ||   638
       Scale mail        |       |       |       |       |       |       |       |    21 |   166 ||   187
       Acid dragon scale |       |       |       |       |       |       |       |       |    33 ||    33
       Skin              |       |       |       |       |       |       |       |       |    29 ||    29
Dodge: Dodged            |    60 |   106 |   242 |   303 |   510 |   749 |   669 |   726 |  1029 ||  4394
       Repelled          |       |       |       |       |       |       |     3 |    11 |       ||    14
Block: Kite shield       |       |       |       |   270 |   508 |   821 |   597 |   764 |   774 ||  3734
       Tower shield      |       |       |       |       |       |       |       |       |  1122 ||  1122
       Rpst.: Scimitar   |       |       |       |    11 |    18 |    79 |     7 |       |       ||   115
       Double sword      |       |       |       |       |       |     4 |    15 |     1 |    16 ||    36
